 Dungeon Sprint DCSS version 0.30-a0-737-gf23d94013f (webtiles) character file.

Game seed: 8401227253474908576

1212 sircluck the Grappler (level 8, -17/89 HPs)
             Began as a Troll Fighter on Feb 2, 2023.
             Demolished by a demonic crawler (18 damage)
             ... in the Dungeon (Sprint I: "Red Sonja").
             The game lasted 00:02:00 (547 turns).

sircluck the Grappler (Troll Fighter)                Turns: 547, Time: 00:02:01

Health: -17/89     AC:  4    Str: 27    XL:     8   Next: 22%
Magic:  7/7        EV: 12    Int:  4    God:
Gold:   415        SH: 11    Dex: 15    Spells: 7/7 levels left

rFire   . . .      SeeInvis .      - Unarmed
rCold   . . .      Faith    .    b - +0 kite shield
rNeg    . . .      Spirit   .    a - +0 robe
rPois   .          Reflect  .    (helmet restricted)
rElec   .          Harm     .    (no cloak)
rCorr   .          Rampage  .    (gloves unavailable)
Will    .....      NoTele   +    (boots unavailable)
Stlth   +                        (no amulet)
HPRegen 1.14/turn                l - +6 ring of dexterity
MPRegen 0.10/turn                (no ring)

@: no status effects
A: large, unfitting armour, claws 3, regeneration 1, shaggy fur 1, tough skin 1
a: no special abilities


You were in the Dungeon.
You visited 1 branch You collected 415 gold pieces.

Inventory:

Hand Weapons
 k - a +2 scythe of freezing
Armour
 a - a +0 robe (worn)
 b - a +0 kite shield (worn)
Jewellery
 l - a +6 ring of dexterity (left claw)
Wands
 j - a wand of iceblast (10)
Scrolls
 i - a scroll of blinking
Potions
 c - 2 potions of might
 d - a potion of curing
 f - a potion of haste
 g - 2 potions of magic
 h - a potion of berserk rage


   Skills:
 + Level 8.4 Fighting
 + Level 8.3 Dodging
 + Level 8.6 Shields
 + Level 9.1 Unarmed Combat


You had 7 spell levels left.
You didn't know any spells.
Your spell library was empty.

Dungeon Overview and Level Annotations

Branches:
Dungeon (1/1)

Altars:
Cheibriados
Dithmenos
Elyvilon
Fedhas
Gozag
Hepliaklqana
Kikubaaqudgha
Makhleb
Nemelex Xobeh
Okawaru
Qazlal
Ru
Sif Muna
Trog
Uskayaw
Vehumet
Wu Jian
Xom
Yredelemnul
Zin
The Shining One
Jiyva
Lugonu

Shops:
D =


Innate Abilities, Weirdness & Mutations

You are too large for most types of armour.
You have claws for hands.
Your natural rate of healing is unusually fast.
You are covered in fur. (AC +1)
You have tough skin. (AC +1)


Message History

The demonic crawler gives a hideous shriek!
Things that are here:
a +0 dagger; a +0 robe
There is an open door, spattered with blood here.
The demonic crawler attacks as you move away!
The demonic crawler hits you but does no damage.
The demonic crawler barely misses you. The demonic crawler hits you! x2
You block the demonic crawler's attack. The demonic crawler hits you!
Aiming: Iceblast
Press: ? - help, Q - select action Shift-Dir - straight line, p - demonic crawler
Okay, then.
There is an open door here.
Aiming: Iceblast
Press: ? - help, Q - select action Shift-Dir - straight line, p - demonic crawler That beam is likely to hit you.
Continue anyway?
Uppercase [Y]es or [N]o only, please.
That beam is likely to hit you.
Continue anyway?
The mass of ice explodes!
The iceblast engulfs the demonic crawler!
The demonic crawler is moderately wounded.
The iceblast engulfs you!
The iceblast engulfs the demonic crawler!
The demonic crawler is lightly wounded.
The iceblast engulfs the demonic crawler.
The demonic crawler is lightly wounded.
The demonic crawler barely misses you. The demonic crawler hits you!
The demonic crawler barely misses you. The demonic crawler hits you!
* * * LOW HITPOINT WARNING * * *
You block the demonic crawler's attack. x2
You feel much better. The demonic crawler closely misses you.
The demonic crawler hits you!
* * * LOW HITPOINT WARNING * * *
The demonic crawler closely misses you.
The demonic crawler hits you but does no damage.
The demonic crawler hits you.
* * * LOW HITPOINT WARNING * * *
The demonic crawler barely misses you. The demonic crawler hits you!
* * * LOW HITPOINT WARNING * * *
You block the demonic crawler's attack. The demonic crawler hits you!!
You die...

########################
.#..)..#..'..#__#ss')..#
.').#..'[.#..'..@ss#)..#
.#####'#####'#__####...'..#
.####..#...#.#### #####..+
.#__####..##.# +##
.#_____##'#_.+
⌠#_.∩...†..._#
##_..__##_.#'#
#_____###+#.# ####### ###


You could see 4 demonic crawlers.

Vanquished Creatures
  2 kobold demonologists (D)
  Sigmund (D)
  A slime creature (D)
  A yak (D)
  A floating eye (D)
  An ogre (D)
  A jelly (D)
  Ijyb (D)
9 creatures vanquished.

Notes
Turn   | Place    | Note
-------+----------+-------------------------------------------
     0 | D        | sircluck the Troll Fighter began the quest for the Orb.
     0 | D        | Reached XP level 1. HP: 22/22 MP: 0/0
     2 | D        | Noticed Ijyb
    10 | D        | Killed Ijyb
    11 | D        | Reached XP level 2. HP: 26/31 MP: 1/1
    15 | D        | Noticed an ogre
    18 | D        | Killed an ogre
    19 | D        | Reached skill level 5 in Shields
    19 | D        | Reached skill level 3 in Unarmed Combat
    19 | D        | Reached XP level 3. HP: 41/41 MP: 2/2
    19 | D        | Reached XP level 4. HP: 49/49 MP: 3/3
    32 | D        | Noticed Sigmund
    37 | D        | Killed Sigmund
    38 | D        | Reached skill level 5 in Unarmed Combat
    38 | D        | Reached XP level 5. HP: 56/59 MP: 4/4
    38 | D        | Reached XP level 6. HP: 63/67 MP: 5/5
    53 | D        | Found a burning altar of Makhleb.
    53 | D        | Found a viscous altar of Jiyva.
    53 | D        | Found a shimmering altar of Xom.
    53 | D        | Found a corrupted altar of Lugonu.
    53 | D        | Noticed a slime creature
    63 | D        | Killed a slime creature
    64 | D        | Reached skill level 6 in Unarmed Combat
   102 | D        | Found an ornate altar of the Wu Jian Council.
   102 | D        | Found a shimmering blue altar of Sif Muna.
   104 | D        | Found a radiant altar of Vehumet.
   125 | D        | Found Wawucvim's Jewellery Emporium.
   125 | D        | Found an ancient bone altar of Kikubaaqudgha.
   125 | D        | Found a hazy altar of Hepliaklqana.
   125 | D        | Found a stormy altar of Qazlal.
   125 | D        | Found a hide-covered altar of Uskayaw.
   125 | D        | Found a blossoming altar of Fedhas.
   125 | D        | Found a bloodstained altar of Trog.
   125 | D        | Found an iron altar of Okawaru.
   125 | D        | Found a basalt altar of Yredelemnul.
   125 | D        | Found a glowing golden altar of the Shining One.
   125 | D        | Found a snail-covered altar of Cheibriados.
   125 | D        | Found a sacrificial altar of Ru.
   125 | D        | Found a glowing silver altar of Zin.
   125 | D        | Found a shadowy altar of Dithmenos.
   125 | D        | Found a white marble altar of Elyvilon.
   125 | D        | Noticed a yak
   130 | D        | Killed a yak
   131 | D        | Reached skill level 7 in Unarmed Combat
   131 | D        | Reached XP level 7. HP: 52/78 MP: 6/6
   132 | D        | Found an opulent altar of Gozag.
   160 | D        | Found a sparkling altar of Nemelex Xobeh.
   195 | D        | Noticed a kobold demonologist
   196 | D        | Noticed a kobold demonologist
   197 | D        | Noticed an orange demon
   202 | D        | Noticed an ice devil
   203 | D        | Noticed a smoke demon
   203 | D        | Killed a kobold demonologist
   204 | D        | Reached skill level 8 in Unarmed Combat
   209 | D        | Killed a kobold demonologist
   210 | D        | Reached skill level 9 in Unarmed Combat
   210 | D        | Reached XP level 8. HP: 43/89 MP: 7/7
   539 | D        | Noticed a demonic crawler
   539 | D        | Noticed a demonic crawler
   539 | D        | Noticed a demonic crawler
   539 | D        | Noticed a demonic crawler
   547 | D        | HP: 1/89 [demonic crawler (14)]
   547 | D        | Demolished by a demonic crawler

Illustrated notes

Levels and vault maps discovered:
D:        dungeon_sprint_1 [red_sonja_temple_1, red_sonja_temple_small_1]

Skill      XL: |  1  2  3  4  5  6  7 |
---------------+----------------------+-----
Fighting       | 3 4 6 7 8 |  8.4
Dodging        | 3 4 6 7 8 |  8.3
Shields        | 3 5 6 7 8 |  8.6
Unarmed Combat | 3 5 7 9 |  9.1

Action                     |  1- 3 |  4- 6 |  7- 9 || total
---------------------------+-------+-------+-------++-------
  Melee: Unarmed           |     9 |    21 |    12 ||    42
  Evoke: Wand              |     1 |       |     1 ||     2
    Use: Potion            |       |       |     1 ||     1
 Armour: Robe              |     1 |     2 |     4 ||     7
  Dodge: Dodged            |     1 |     6 |    16 ||    23
  Block: Kite shield       |     2 |     3 |    14 ||    19

Table legend: (Time is in decaauts)
 A = Elapsed time spent in this place.
 B = Non-inter-level travel time spent in this place.
 C = Inter-level travel time spent in this place.
 D = Time resting spent in this place.
 E = Time spent auto-exploring this place.
 F = Levels seen in this place.
 G = Mean time per level.
                   A        B        C        D        E       F      G
               +--------+--------+--------+--------+--------+-----+--------+
         Total |    546 |    546 |      0 |    355 |      0 |   1 |  546.0 |
       Dungeon |    546 |    546 |      0 |    355 |      0 |   1 |  546.0 |
               +--------+--------+--------+--------+--------+-----+--------+

Top non-repeatable levels by time:
       D: 546 daAuts
